 Dungeon Crawl Stone Soup version 0.21.1-1-g345015f (webtiles) character file.

515 sankara the Ruffian (level 7, 52/52 HPs)
             Began as a Black Draconian Transmuter on Feb 15, 2018.
             Was an Initiate of Okawaru.
             Got out of the dungeon alive.
             The game lasted 00:15:29 (5262 turns).

sankara the Ruffian (Black Draconian Transmuter)    Turns: 5262, Time: 00:15:30

Health: 52/52      AC:  7    Str: 12    XL:     7   Next: 0%
Magic:  10/10      EV: 12    Int: 16    God:    Okawaru [......]
Gold:   215        SH:  0    Dex: 11    Spells: 4/10 levels left

rFire    . . .     SeeInvis .     - Unarmed
rCold    . . .     Gourm    .   (no shield)
rNeg     . . .     Faith    .   (armour unavailable)
rPois    .         Spirit   .   (helmet restricted)
rElec    +         Reflect  .   (no cloak)
rCorr    .         Harm     .   (no gloves)
MR       .....                  (no boots)
Stlth    +.........             (no amulet)
HPRegen  0.17/turn              o - +1 ring of protection
MPRegen  0.12/turn              (no ring)

@: no status effects
A: breathe lightning, unfitting armour, electricity resistance, cold-blooded, AC
+6
a: Breathe Lightning, Renounce Religion


You escaped.
You worshipped Okawaru.
Okawaru was noncommittal.
You were hungry.

You visited 2 branches of the dungeon, and saw 6 of its levels.

You collected 215 gold pieces.

Inventory:

Missiles
 a - 32 arrows
 j - 104 stones (quivered)
 m - 8 poisoned needles
 q - 19 sling bullets
 r - 4 tomahawks
Jewellery
 o - a +1 ring of protection (left hand)
 s - an uncursed ring of fire
Scrolls
 e - 3 scrolls of identify {unknown}
 f - 2 scrolls of blinking {unknown}
 g - 2 scrolls of magic mapping {unknown}
 h - a scroll of remove curse {unknown}
 k - 2 scrolls of teleportation {unknown}
 l - a scroll of fear {unknown}
 u - a scroll of amnesia {unknown}
 w - a scroll of enchant armour {unknown}
Potions
 d - 2 potions of curing {unknown}
 i - 2 potions of cancellation {unknown}
 n - 2 potions of flight {unknown}
 p - 2 potions of berserk rage {unknown}
 t - a potion of lignification {unknown}
Books
 b - a book of Changes

   Spells                             Type                      Level
   a - Beastly Appendage              Transmutation                1
   b - Sticks to Snakes               Transmutation                2
   c - Spider Form                    Transmutation/Poison         3
   d - Ice Form                       Ice/Transmutation            4
   e - Blade Hands                    Transmutation                5
Comestibles
 c - 13 rations


   Skills:
 + Level 1.2 Fighting
 + Level 1.8 Dodging
 + Level 5.6 Unarmed Combat
 - Level 2.0 Spellcasting
 + Level 5.1 Transmutations
 - Level 2.5 Poison Magic


You had 4 spell levels left.
You knew the following spells:

 Your Spells              Type           Power        Failure   Level  Hunger
a - Beastly Appendage     Tmut           ###...       2%          1    #......
b - Sticks to Snakes      Tmut           ###.....     3%          2    ###....
c - Spider Form           Tmut/Pois      ##........   13%         3    ###....


Dungeon Overview and Level Annotations

Branches:
Dungeon (5/15)             Temple (1/1) D:4

Altars:
Ashenzari
Dithmenos
Fedhas
Gozag
Kikubaaqudgha
Makhleb
Nemelex Xobeh
Okawaru
Qazlal
Ru
Sif Muna
Vehumet
Wu Jian
Yredelemnul
Zin
The Shining One


Innate Abilities, Weirdness & Mutations

You can breathe wild blasts of lightning.
Your glossy black scales are hard. (AC +6)
You cannot fit into any form of body armour.
You are resistant to electric shocks. (rElec)
You are cold-blooded and may be slowed by cold attacks.


Message History

There is a stone staircase leading down here.
You are feeling hungry.
(D) Dungeon (T) Temple
Where to? (Enter - D:1, ? - help)
There is a stone staircase leading up here.
You climb upwards.
There is a stone staircase leading down here.
There is a stone staircase leading up here.
You climb upwards.
There is a stone staircase leading down here.
(D) Dungeon (T) Temple
Where to? (Enter - D:1, ? - help)
Okay, then.
There is an open door here.
There is an open door here.
There is a staircase leading out of the dungeon here.
Are you sure you want to leave the Dungeon?
This will make you lose the game!
Alright, then stay!
Are you sure you want to leave the Dungeon?
This will make you lose the game!
You have escaped!

..#.# #.#.#...# #####...........
#.#.# #.#.#...# #...............
#...###.#.#...# #........####'##
........#.....# #........# #...
..............# #........# #...
.......)#.....# #........####...
............#########........')..
###........##.......##.#######...
#..#######....@....###### ####
#..##...................##
#..#...⌠....##'##....⌠...#
#..#........#...#........#
#..#........#8.8#........# #
#..###########'################
#...............#............)#
###..#.........##.>.......#####.#
.....#.......#.###..#####.#####.#


There were no monsters in sight!

Vanquished Creatures
  The ghost of sankara the Sneak, an amateur DrEn (D:3)
  An ogre (D:5)
  A scorpion (D:4)
  An iguana (D:5)
  An orc wizard (D:4)
  A bullfrog skeleton (D:5)
  Terence (D:3)
  7 adders
  An ooze (D:4)
  2 worms
  2 dart slugs
  4 leopard geckos
  7 orcs
  5 giant cockroaches
  7 goblins
  7 hobgoblins
  8 jackals
  5 kobolds
  2 quokkas
  A ball python (D:3)
  5 bats
  3 frilled lizards
  A jackal skeleton (D:3)
  5 rats
79 creatures vanquished.

Vanquished Creatures (collateral kills)
  A kobold (D:1)
1 creature vanquished.

Grand Total: 80 creatures vanquished

Notes
Turn   | Place    | Note
-------+----------+-------------------------------------------
     0 | D:1      | sankara the Draconian Transmuter began the quest for the Orb.
     0 | D:1      | Reached XP level 1. HP: 16/16 MP: 3/3
   258 | D:1      | Reached XP level 2. HP: 21/23 MP: 3/5
   262 | D:1      | Learned a level 2 spell: Sticks to Snakes
  1240 | D:2      | Reached XP level 3. HP: 25/28 MP: 4/6
  1245 | D:2      | Learned a level 3 spell: Spider Form
  1705 | D:2      | Found a shadowy altar of Dithmenos.
  1993 | D:3      | Reached skill level 1 in Poison Magic
  2235 | D:3      | Reached XP level 4. HP: 29/35 MP: 3/7
  2281 | D:3      | Noticed sankara's ghost (amateur DrEn)
  2819 | D:3      | Found a shattered altar of Ashenzari.
  2819 | D:3      | Noticed Terence
  2831 | D:3      | Killed Terence
  3084 | D:3      | Found an iron altar of Okawaru.
  3125 | D:3      | Killed sankara's ghost
  3125 | D:3      | Reached XP level 5. HP: 19/40 MP: 2/8
  3340 | D:3      | Became a worshipper of Warmaster Okawaru
  3542 | D:3      | Found a glowing golden altar of the Shining One.
  3680 | D:4      | Found a staircase to the Ecumenical Temple.
  3710 | D:4      | Reached XP level 6. HP: 29/47 MP: 9/9
  3725 | Temple   | Entered the Ecumenical Temple
  3885 | D:4      | Reached skill level 5 in Unarmed Combat
  4726 | D:5      | Entered Level 5 of the Dungeon
  4985 | D:5      | Reached skill level 5 in Transmutations
  5108 | D:5      | Your scales start taking on a glossy black colour.
  5108 | D:5      | Reached XP level 7. HP: 52/52 MP: 5/10
  5108 | D:5      | Gained mutation: You are resistant to electric shocks. (rElec) [Black Draconian growth]
  5262 | D:$      | Got out of the dungeon alive.

Skill      XL: |  1  2  3  4  5  6 |
---------------+-------------------+-----
Transmutations | 3 4 5 |  5.1
Poison Magic   | 1 2 |  2.5
Unarmed Combat | 4 5 |  5.6
Fighting       | |  1.2
Dodging        | |  1.8
Spellcasting   | |  2.0

Action                   |  1- 3 |  4- 6 |  7- 9 || total
-------------------------+-------+-------+-------++-------
Melee: Unarmed           |   142 |   189 |     6 ||   337
       Kick              |    15 |     8 |       ||    23
       Headbutt          |     6 |     2 |       ||     8
       Tailslap          |    14 |    14 |       ||    28
       Punch             |     2 |     2 |       ||     4
 Cast: Beastly Appendage |    31 |    17 |       ||    48
       Sticks to Snakes  |     1 |     5 |       ||     6
       Spider Form       |     1 |     8 |       ||     9
 Stab: Sleeping          |     2 |     1 |     1 ||     4
  Eat: Chunk             |     5 |    10 |     1 ||    16
Armor: Skin              |    38 |    44 |       ||    82
Dodge: Dodged            |    81 |    97 |     3 ||   181
